 Dungeon Crawl Stone Soup version 0.32-a0-43-g058985b245 (webtiles) character file.

Game seed: 4233924601101397818

1021 Ceno the Cudgeller (level 8, 0/67 HPs)
             Began as an Armataur Warper on Feb 5, 2024.
             Was an Initiate of Ashenzari.
             Slain by Edmund
             ... wielding a +5 heavy dire flail
              (7 damage)
             ... on level 5 of the Dungeon.
             The game lasted 00:12:54 (5098 turns).

Ceno the Cudgeller (Armataur Warper)                Turns: 5098, Time: 00:12:55

Health: 0/67       AC: 11    Str: 19    XL:     8   Next: 2%
Magic:  10/10      EV:  4    Int: 13    God:    Ashenzari [......]
Gold:   235        SH:  0    Dex: 10    Spells: 8/10 levels left

rFire   . . .        t - +0 flail
rCold   + . .        (no shield)
rNeg    . . .        o - +1 plate armour "Farphero" {rC+ Will+ Regen+}
rPois   .            (no helmet)
rElec   .            b - scarf {+Inv}
rCorr   .            (no gloves)
SInv    .            (no barding)
Will    +....        k - amulet of Ashenzari's Insecurity {Acrobat, Cun, Dev} (curse) Stlth
                     (no ring)
HPRegen 1.76/turn    (no ring)
MPRegen 0.45/turn

%: acrobat, roll
@: no status effects
A: large, deformed body, tough skin 3, armoured tail, roll 2
a: Renounce Religion, Evoke Invisibility, Shatter the Chains


You were on level 5 of the Dungeon.
You worshipped Ashenzari.
Ashenzari was noncommittal.
You visited 1 branch of the dungeon, and saw 5 of its levels.

You collected 235 gold pieces.

Inventory:

Hand Weapons
 a - a +0 mace
 t - a +0 flail (weapon)
Missiles
 d - 7 darts of dispersal
 j - 45 stones (quivered)
 s - 5 poisoned darts
 u - 5 curare-tipped darts
Armour
 b - a scarf of invisibility (worn)
 o - the +1 plate armour "Farphero" (worn) {rC+ Will+ Regen+}
   (You found it on level 5 of the Dungeon)

   rC+:       It protects you from cold.
   Will+:     It increases your willpower.
   Regen+:    It increases your rate of health regeneration.
Jewellery
 k - the cursed amulet of Ashenzari's Insecurity (around neck) {Acrobat, Cun, Dev}
   (You found it on level 3 of the Dungeon)

   [amulet of the acrobat]

   Acrobat:   It increases your evasion while moving and waiting.
   It has a curse which improves the following skills: Cunning: Dodging and
   Stealth.
   Devices:   Evocations and Shapeshifting.
Scrolls
 c - a scroll of blinking
 e - a scroll of fog {unknown}
 f - 2 scrolls of identify {unknown}
 g - 3 scrolls of revelation {unknown}
 i - a scroll of enchant armour {unknown}
 n - 2 scrolls of fear {unknown}
 v - a scroll of enchant weapon {unknown}
Potions
 h - a potion of haste {unknown}
 l - a potion of curing {unknown}
 m - 2 potions of lignification {unknown}
 p - a potion of magic {unknown}
 q - a potion of attraction {unknown}
 r - a potion of heal wounds {unknown}


   Skills:
 + Level 4.5 Fighting
 * Level 6.2 Maces & Flails
 - Level 0.8 Throwing
 + Level 5.5 Armour
 - Level 1.3(1.6) Dodging
 - Level 1.7 Spellcasting
 - Level 3.0 Translocations


You had 8 spell levels left.
You knew the following spells:

 Your Spells              Type           Power      Damage    Failure   Level
a - Blink                 Tloc           16%        N/A       97%         2

Your spell library contained the following spells:

 Spells                   Type           Power      Damage    Failure   Level
 Lesser Beckoning         Tloc           16%        N/A       97%         2
 Summon Small Mammal      Summ           4%         N/A       100%        1
 Call Canine Familiar     Summ           1%         N/A       100%        3
 Teleport Other           Tloc           8%         N/A       100%        3
 Manifold Assault         Tloc           8%         N/A       100%        4
 Summon Blazeheart Golem  Fire/Summ      1%         N/A       100%        4
 Vhi's Electric Charge    Tloc/Air       10%        N/A       100%        4


Dungeon Overview and Level Annotations

Branches:
Dungeon (5/15)             Temple (0/1) D:5

Altars:
Ashenzari
Sif Muna

Annotations:
D:5 Edmund


Innate Abilities, Weirdness & Mutations

Armour fits poorly on your strangely shaped body.
You have extremely tough skin. (AC +3)
You have a long armoured tail.
You regenerate magic and health when rolling toward enemies. (Rampage Regen)


Message History

Edmund hits you with a +5 heavy dire flail.
You hit Edmund.
Edmund is moderately wounded.
Edmund hits you with a +5 heavy dire flail!
You closely miss Edmund. You tail-slap Edmund.
Edmund is moderately wounded.
Edmund hits you with a +5 heavy dire flail.
You hit Edmund. You tail-slap Edmund, but do no damage.
Edmund is heavily wounded.
You hit Edmund but do no damage.
Edmund is heavily wounded.
Edmund hits you with a +5 heavy dire flail!
You closely miss Edmund. You tail-slap Edmund!
Edmund is heavily wounded.
Edmund hits you with a +5 heavy dire flail!!
You are too injured to fight recklessly!
You barely miss Edmund.
Edmund is heavily wounded.
Edmund hits you with a +5 heavy dire flail.
You closely miss Edmund.
Edmund is heavily wounded.
You hit Edmund but do no damage. You tail-slap Edmund, but do no damage.
Edmund is heavily wounded.
Edmund hits you with a +5 heavy dire flail!
* * * LOW HITPOINT WARNING * * *
You hit Edmund. You tail-slap Edmund.
Edmund is severely wounded.
Edmund hits you with a +5 heavy dire flail!!
* * * LOW HITPOINT WARNING * * *
You hit Edmund.
Edmund is severely wounded.
You hit Edmund.
Edmund is almost dead.
Edmund hits you with a +5 heavy dire flail.
* * * LOW HITPOINT WARNING * * *
You hit Edmund but do no damage.
Edmund is almost dead.
Edmund hits you with a +5 heavy dire flail!
You die...
Edmund says, "That'll show my brother!"

######################
#...@@................
#.####################
#.# #.#######
#........ #.......)
......... ......!...
........... .#


You could see Edmund.

Vanquished Creatures
  An ogre (D:5)
  2 centaurs (D:5)
  4 scorpions
  A howler monkey (D:4)
  A jelly (D:5)
  2 bombardier beetles
  2 hounds (D:5)
  2 orc priests
  An iguana (D:4)
  Jessica (D:2)
  A sleepcap (D:4)
  Natasha (thrice) (D:3)
  An orc wizard (D:2)
  An adder (D:3)
  3 white imps
  3 dart slugs
  12 orcs
  3 ball pythons
  6 bats
  4 endoplasms
  2 giant cockroaches
  4 goblins
  9 hobgoblins
  2 kobolds (D:3)
  3 quokkas
  A frilled lizard (D:3)
  3 rats
78 creatures vanquished.

Notes
Turn   | Place    | Note
-------+----------+-------------------------------------------
     0 | D:1      | Ceno the Armataur Warper began the quest for the Orb.
     0 | D:1      | Reached XP level 1. HP: 17/17 MP: 3/3
   170 | D:1      | Reached skill level 2 in Maces & Flails
   372 | D:1      | Reached XP level 2. HP: 24/24 MP: 4/4
   921 | D:2      | Found a faded altar of an unknown god.
  1108 | D:2      | Reached XP level 3. HP: 27/29 MP: 5/5
  1130 | D:2      | Noticed Jessica
  1138 | D:2      | Killed Jessica
  1742 | D:3      | HP: 1/30 [something/puff of flame (4)]
  1873 | D:2      | Reached skill level 3 in Maces & Flails
  1873 | D:2      | Reached XP level 4. HP: 17/37 MP: 6/6
  2348 | D:3      | Reached XP level 5. HP: 42/44 MP: 7/7
  2405 | D:3      | Found a shimmering blue altar of Sif Muna.
  2654 | D:3      | Noticed Natasha
  2662 | D:3      | Killed Natasha
  2669 | D:3      | Reached skill level 4 in Maces & Flails
  2795 | D:3      | Noticed Natasha
  2798 | D:3      | Killed Natasha
  3200 | D:4      | Reached XP level 6. HP: 50/51 MP: 8/8
  3348 | D:3      | Learned a level 2 spell: Blink
  3357 | D:3      | Noticed Natasha
  3359 | D:3      | Killed Natasha
  3725 | D:5      | Entered Level 5 of the Dungeon
  3826 | D:5      | Identified the +1 plate armour "Farphero" {rC+ Will+
                  | Regen+}
  3985 | D:4      | Found a broken altar of Ashenzari.
  4000 | D:4      | Became a worshipper of Ashenzari the Shackled
  4351 | D:4      | Reached skill level 5 in Maces & Flails
  4351 | D:4      | Gained mutation: You regenerate magic and health when
                  | rolling toward enemies. (Rampage Regen) [Armataur growth]
  4351 | D:4      | Reached XP level 7. HP: 45/58 MP: 9/9
  4415 | D:5      | Found a staircase to the Ecumenical Temple.
  4660 | D:5      | Reached skill level 5 in Armour
  4840 | D:5      | Reached skill level 6 in Maces & Flails
  4947 | D:5      | Reached XP level 8. HP: 22/67 MP: 10/10
  5070 | D:5      | Noticed Edmund
  5098 | D:5      | Slain by Edmund

Illustrated notes

Levels and vault maps discovered:
D:1:      dpeg_arrival_orchard, layout_basic
D:2:      layout_loops_ring, hellmonk_ecumenical_altar_zigzags,
          minmay_tromino_v4_b, uniq_jessica
D:3:      layout_loops_ring, hellmonk_sif_muna_bookshelves,
          gup_sewer_entry_spiral, small_statue_intersection,
          minmay_misc_feat_ornament, wad_rectangle_vault, uniq_natasha
D:4:      layout_basic, overflow_temple_1_default, nicolae_hexahallways
D:5:      layout_basic, minmay_temple_entry_glassed_door,
          minmay_fractal_squares_diagonal_5, uniq_edmund

Skill      XL: |  1  2  3  4  5  6  7 |
---------------+----------------------+-----
Maces & Flails | 2 3 4 5 6 |  6.2
Fighting       | 2 3 4 |  4.5
Armour         | 2 3 4 5 |  5.5
Throwing       | |  0.8
Dodging        | |  1.3
Spellcasting   | |  1.7
Translocations | |  3.0

Action                     |  1- 3 |  4- 6 |  7- 9 || total
---------------------------+-------+-------+-------++-------
  Melee: Mace              |    86 |   136 |    93 ||   315
         Tailslap          |     4 |    17 |    23 ||    44
         Punch             |       |       |     2 ||     2
         Flail             |       |       |    15 ||    15
 Invoke: Curse Item        |       |       |     1 ||     1
 Armour: Leather armour    |    67 |    63 |       ||   130
         Plate armour      |       |    50 |   145 ||   195
  Dodge: Dodged            |    42 |    41 |    29 ||   112

Table legend: (Time is in decaauts)
 A = Elapsed time spent in this place.
 B = Non-inter-level travel time spent in this place.
 C = Inter-level travel time spent in this place.
 D = Time resting spent in this place.
 E = Time spent auto-exploring this place.
 F = Levels seen in this place.
 G = Mean time per level.
                   A        B        C        D        E       F      G
               +--------+--------+--------+--------+--------+-----+--------+
         Total |   5188 |   4815 |    373 |    480 |   2848 |   5 | 1037.6 |
       Dungeon |   5188 |   4815 |    373 |    480 |   2848 |   5 | 1037.6 |
               +--------+--------+--------+--------+--------+-----+--------+

Top non-repeatable levels by time:
     D:3: 1294 daAuts
     D:4: 1147 daAuts
     D:2: 1111 daAuts
     D:5: 829 daAuts
     D:1: 805 daAuts
